 Dungeon Crawl Stone Soup version 0.28-a0-998-gb9e9c7b67e (webtiles) character file.

Game seed: 4113641988509752959

30564 oldriver the Eclecticist (level 13, 0/148 HPs)
             Began as a Purple Draconian Conjurer on Dec 5, 2021.
             Was an Elder of Vehumet.
             Succumbed to a cane toad's poison
             ... on level 4 of the Lair of Beasts.
             The game lasted 00:39:19 (19888 turns).

oldriver the Eclecticist (DrCj)                    Turns: 19888, Time: 00:39:20

Health: 0/148      AC: 14    Str: 13    XL:     13   Next: 21%
Magic:  3/34       EV: 16    Int: 23    God:    Vehumet [****..]
Gold:   737        SH:  9    Dex:  9    Spells: 32/46 levels left

rFire   + . .      SeeInvis +   s - staff of conjuration
rCold   . . .      Faith    .   F - +0 buckler
rNeg    + . .      Spirit   .   (armour unavailable)
rPois   .          Reflect  +   (helmet restricted)
rElec   .          Harm     .   j - +2 cloak
rCorr   .          Rampage  .   A - +0 pair of gloves
Will    +....                   l - +1 pair of boots
Stlth   ..........              h - amulet of reflection
HPRegen 0.34/turn               n - ring of the Duchess {rF+ rN+ Str+2 SInv}
MPRegen 0.24/turn               x - +4 ring of evasion

@: mighty, berserking, lethally poisoned (0 -> -40), short of breath, very quick
A: breathe power, AC +8, unfitting armour, cold-blooded
a: Breathe Dispelling Energy, Renounce Religion


You were on level 4 of the Lair of Beasts.
You worshipped Vehumet.
Vehumet was greatly pleased with you.
You visited 3 branches of the dungeon, and saw 17 of its levels.

You collected 737 gold pieces.

Inventory:

Hand Weapons
 k - a +3 falchion of holy wrath
Armour
 j - a +2 cloak (worn)
 l - a +1 pair of boots (worn)
 A - a +0 pair of gloves (worn)
 F - a +0 buckler (worn)
Magical Staves
 s - a staff of conjuration (weapon)
Jewellery
 h - an amulet of reflection (around neck)
 n - the ring of the Duchess (left hand) {rF+ rN+ Str+2 SInv}
   (You acquired it on level 10 of the Dungeon)

   [ring of protection from fire]

   Str:       It affects your strength (+2).
   rF:        It protects you from fire.
   rN:        It protects you from negative energy.
   SInv:      It lets you see invisible.
 w - a ring of positive energy
 x - a +4 ring of evasion (right hand)
 B - an amulet of guardian spirit
 I - a +4 ring of evasion
Wands
 m - a wand of paralysis (14)
 q - a wand of acid (15)
 y - a wand of flame (2)
 z - a wand of iceblast (8)
Scrolls
 b - 6 scrolls of teleportation
 d - a scroll of enchant armour
 o - 2 scrolls of noise
 r - 4 scrolls of amnesia
 u - a scroll of fog
 v - 2 scrolls of enchant weapon
Potions
 a - 3 potions of cancellation
 c - a potion of mutation
 e - 2 potions of brilliance
 f - 3 potions of flight
 g - 10 potions of curing
 i - 4 potions of degeneration
 p - 3 potions of might
 t - a potion of attraction
 D - a potion of haste {unknown}
 H - a potion of heal wounds


   Skills:
 * Level 4.7 Fighting
 + Level 4.5 Dodging
 + Level 4.1 Stealth
 + Level 2.7 Shields
 * Level 17.1 Spellcasting
 * Level 13.2 Conjurations
 + Level 3.3 Hexes
 + Level 5.8 Translocations


You had 32 spell levels left.
You knew the following spells:

 Your Spells              Type           Power      Damage    Failure   Level
a - Magic Dart            Conj           100%       1d8       0%          1
b - Searing Ray           Conj           100%       2d8       0%          2
c - Iskenderun's Mystic   Conj/Tloc      76%        2d15      1%          4
d - Fulminant Prism       Conj/Hex       36%        3d18      1%          4
e - Dazzling Flash        Conj/Hex       100%       N/A       1%          3

Your spell library contained the following spells:

 Spells                   Type           Power      Damage    Failure   Level
 Conjure Flame            Conj/Fire      66%        6-21      1%          3
 Freeze                   Ice            76%        1d9       1%          1
 Poisonous Vapours        Pois/Air       38%        N/A       1%          2
 Scorch                   Fire           38%        2d7       1%          2
 Flame Wave               Conj/Fire      66%        2d10      1%          4
 Hailstorm                Conj/Ice       66%        3d14      1%          4
 Frozen Ramparts          Ice            38%        1d5       2%          3
 Pain                     Necr           76%        1d7       3%          1
 Corpse Rot               Necr/Air       38%        N/A       4%          2
 Conjure Ball Lightning   Conj/Air       33%        3x3d11    9%          6
 Animate Dead             Necr           9%         N/A       30%         4
 Borgnjor's Vile Clutch   Necr/Erth      9%         N/A       65%         5
 Death Channel            Necr           9%         N/A       99%         6
 Summon Cactus Giant      Summ           9%         N/A       99%         6
 Discord                  Hex            17%        N/A       100%        8
 Disjunction              Tloc           23%        N/A       100%        8


Dungeon Overview and Level Annotations

Branches:
Dungeon (11/15)            Temple (1/1) D:6            Lair (5/6) D:10
 Shoals (0/4) Lair:4       Spider (0/4) Lair:2          Orc (0/2) D:10
  Slime: Lair:5-6

Altars:
Cheibriados
Dithmenos
Fedhas
Kikubaaqudgha
Makhleb
Ru
Vehumet
Wu Jian
The Shining One

Shops:
D:4 :*

Annotations:
D:9 2 runed translucent doors, croobank's ghost, novice OpEE
Lair:4 2 transporters


Innate Abilities, Weirdness & Mutations

You can breathe bolts of dispelling energy.
Your rich purple scales are hard. (AC +8)
You cannot fit into any form of body armour.
You are cold-blooded and may be slowed by cold attacks.


Message History

You are no longer poisoned.
The cane toad stings you!
* * * LOW HITPOINT WARNING * * *
The death yak gores you.
* * * LOW HITPOINT WARNING * * *
You block the cane toad's attack.
You feel much better. You block the cane toad's attack.
The death yak misses you.
Okay, then.
It was a potion of berserk rage.
A red film seems to cover your vision as you go berserk!
You feel yourself moving faster!
You feel mighty! You block the cane toad's attack. The death yak gores you!
You hit the death yak!
You blast the death yak.
The death yak is almost dead.
The cane toad misses you. The death yak gores you!!
* * * LOW HITPOINT WARNING * * *
You barely miss the death yak.
The death yak is almost dead.
The cane toad stings you!
* * * LOW HITPOINT WARNING * * *
You are poisoned.
The cane toad poisons you! You block the death yak's attack.
You completely miss the death yak.
The death yak is almost dead.
* * * LOW HITPOINT WARNING * * *
You feel very sick.
The cane toad stings you but does no damage.
You hit the death yak!
The death yak is almost dead.
* * * LOW HITPOINT WARNING * * *
You feel very sick.
The death yak gores you but does no damage.
The cane toad stings you!
* * * LOW HITPOINT WARNING * * *
You are more poisoned.
The cane toad poisons you!
You hit the death yak but do no damage.
The death yak is almost dead.
You die...

..........##...#.###.....##
......#...#..P##.######...#
.............#####.###...##
..#...#...P.## ####.##...##
..#........## #.....#....#
...........#####.........##
############.#.........###
...........##...F.....#.#
###########.##.#@Y.######
############.###....##
#...≈≈≈≈≈###.####..#.#
.########≈###.####...#
...≈≈≈._.≈≈≈........##
#.###≈########.###..#
##.###≈≈≈≈≈...##...##
#.############...##
##.########....###


You could see a death yak and a cane toad.

Vanquished Creatures
  4 hydras
  A catoblepas (Lair:4)
  4 two-headed ogres
  2 death yaks (Lair:5)
  A lindwurm (Lair:5)
  Maurice (D:9)
  5 black mambas
  4 torpor snails
  7 cane toads
  A komodo dragon (Lair:1)
  2 rime drakes
  3 jumping spiders (Lair:2)
  A polar bear (Lair:5)
  A troll (D:10)
  Grinder (D:3)
  5 blink frogs (Lair:5)
  A hornet (D:11)
  4 dream sheep (Lair:2)
  Sigmund (D:5)
  3 redbacks (Lair:2)
  38 yaks
  3 wyverns
  3 basilisks
  A steam dragon (D:8)
  2 wargs (D:10)
  Duvessa (D:6)
  8 water moccasins
  3 ice beasts
  8 orc warriors
  2 black bears
  2 sky beasts
  2 necrophages
  4 ogres
  6 wolves (Lair:2)
  3 centaurs (D:9)
  A phantom (D:6)
  2 kobold brigands (D:10)
  12 bullfrogs
  3 scorpions
  A wyvern skeleton (D:5)
  7 gnoll sergeants
  A water moccasin zombie (D:6)
  Dowan (D:6)
  3 killer bees (D:9)
  3 wights (D:6)
  2 electric eels
  7 centaur zombies
  A jelly (D:5)
  4 hounds
  A gnoll shaman (D:6)
  6 orc priests
  4 centaur skeletons
  3 iguanas
  Jessica (D:3)
  2 bullfrog skeletons
  9 orc wizards
  Terence (D:2)
  A hound zombie (D:5)
  A howler monkey zombie (D:8)
  7 adders
  11 gnolls
  3 shadow imps
  A white imp (D:7)
  An ufetubus (D:6)
  An adder skeleton (D:4)
  A worm (D:4)
  A dart slug (D:1)
  29 orcs
  9 ball pythons
  7 bats
  5 endoplasms
  5 giant cockroaches
  8 goblins
  7 hobgoblins
  5 kobolds
  4 quokkas
  2 frilled lizards
  5 rats
  2 fulminant prisms
329 creatures vanquished.

Vanquished Creatures (others)
  37 fulminant prisms
  19 fungi
  27 plants
83 creatures vanquished.

Grand Total: 412 creatures vanquished

Notes
Turn   | Place    | Note
-------+----------+-------------------------------------------
     0 | D:1      | oldriver the Draconian Conjurer began the quest for the
                  | Orb.
     0 | D:1      | Reached XP level 1. HP: 14/14 MP: 3/3
    59 | D:1      | Found a faded altar of an unknown god.
   106 | D:1      | Got Plato's Guide on Sinister Rites
   245 | D:1      | Reached XP level 2. HP: 20/20 MP: 0/5
   410 | D:1      | Reached skill level 3 in Spellcasting
   707 | D:1      | Reached XP level 3. HP: 26/26 MP: 4/7
  1742 | D:2      | Reached skill level 4 in Spellcasting
  2037 | D:3      | Noticed Jessica
  2039 | D:3      | Killed Jessica
  2040 | D:3      | Reached XP level 4. HP: 33/33 MP: 7/10
  2098 | D:3      | Noticed Grinder
  2369 | D:2      | Learned a level 2 spell: Searing Ray
  2615 | D:3      | Reached XP level 5. HP: 38/38 MP: 9/12
  2657 | D:3      | Noticed Terence
  2748 | D:2      | Killed Terence
  2749 | D:2      | Reached skill level 5 in Spellcasting
  3037 | D:3      | Killed Grinder
  3038 | D:3      | Reached XP level 6. HP: 45/45 MP: 2/14
  3231 | D:3      | Reached skill level 6 in Spellcasting
  3879 | D:4      | Found a blossoming altar of Fedhas.
  4003 | D:4      | Your scales start taking on a rich purple colour.
  4003 | D:4      | Reached skill level 8 in Spellcasting
  4003 | D:4      | Reached XP level 7. HP: 35/51 MP: 4/18
  4104 | D:4      | Found Imas's Book Shop.
  4220 | D:4      | Found Ridgh's Gadget Gallery.
  4755 | D:4      | Learned a level 4 spell: Iskenderun's Mystic Blast
  4760 | D:4      | Learned a level 4 spell: Fulminant Prism
  4764 | D:4      | Learned a level 3 spell: Dazzling Flash
  4812 | D:5      | Entered Level 5 of the Dungeon
  4988 | D:5      | Reached skill level 1 in Translocations
  5075 | D:5      | Reached skill level 5 in Conjurations
  5478 | D:5      | Reached skill level 9 in Spellcasting
  5494 | D:5      | Reached XP level 8. HP: 44/58 MP: 2/21
  5754 | D:5      | Noticed Sigmund
  5765 | D:5      | Killed Sigmund
  5766 | D:5      | Reached skill level 1 in Fighting
  5782 | D:5      | Reached skill level 10 in Spellcasting
  6390 | D:6      | Found a glowing golden altar of the Shining One.
  6532 | D:6      | Reached skill level 11 in Spellcasting
  6618 | D:6      | Reached XP level 9. HP: 64/64 MP: 16/24
  7061 | D:6      | Noticed Duvessa
  7062 | D:6      | Noticed Dowan
  7071 | D:6      | Killed Duvessa
  7072 | D:6      | Killed Dowan
  7164 | D:6      | Reached skill level 1 in Shields
  7423 | D:6      | Found a staircase to the Ecumenical Temple.
  7443 | Temple   | Entered the Ecumenical Temple
  7486 | Temple   | Became a worshipper of Vehumet
  7895 | D:7      | Found an ornate altar of the Wu Jian Council.
  7939 | D:7      | Reached skill level 12 in Spellcasting
  8049 | D:7      | Noticed a two-headed ogre
  8069 | D:7      | Killed a two-headed ogre
  8070 | D:7      | Reached skill level 1 in Hexes
  8418 | D:7      | Found a sacrificial altar of Ru.
  8440 | D:7      | Reached XP level 10. HP: 71/71 MP: 15/26
  9773 | D:8      | You fall into a shaft and drop 3 floors!
  9774 | D:11     | Noticed a red ugly thing
  9780 | D:10     | Entered Level 10 of the Dungeon
  9792 | D:10     | Identified a scroll of acquirement
  9792 | D:10     | Acquired the ring of the Duchess {rF+ rN+ Str+2 SInv}
  9876 | D:9      | Reached * piety under Vehumet
  9876 | D:9      | Offered knowledge of Sandblast by Vehumet.
  9877 | D:9      | Reached skill level 13 in Spellcasting
  9929 | D:9      | Noticed a two-headed ogre
  9936 | D:9      | Killed a two-headed ogre
 10137 | D:9      | Found a large runed translucent door.
 10137 | D:9      | Found a large runed translucent door.
 10138 | D:9      | Noticed croobank's ghost (novice OpEE)
 10385 | D:9      | Noticed Maurice
 10394 | D:9      | Killed Maurice
 10674 | D:9      | Reached skill level 14 in Spellcasting
 10796 | D:9      | Identified the +1 leather armour of Gozag's Indignation
                  | {rElec rF- Will+++ Int-3}
 11053 | D:9      | Noticed a two-headed ogre
 11060 | D:9      | Killed a two-headed ogre
 11061 | D:9      | Reached XP level 11. HP: 79/79 MP: 11/29
 11933 | D:10     | Offered knowledge of Static Discharge by Vehumet.
 12056 | D:10     | Reached ** piety under Vehumet
 12681 | D:10     | Found a staircase to the Lair.
 12767 | D:10     | Reached skill level 10 in Conjurations
 12998 | D:10     | Found a staircase to the Orcish Mines.
 13458 | Lair:1   | Entered Level 1 of the Lair of Beasts
 13469 | Lair:1   | Noticed a six-headed hydra
 13478 | Lair:1   | Killed a six-headed hydra
 14102 | Lair:1   | Reached skill level 15 in Spellcasting
 15402 | Lair:2   | Noticed a six-headed hydra
 15413 | Lair:2   | Killed a six-headed hydra
 15495 | Lair:2   | Offered knowledge of Scorch by Vehumet.
 15500 | Lair:2   | Reached XP level 12. HP: 88/88 MP: 17/31
 15624 | Lair:2   | Found a shadowy altar of Dithmenos.
 15792 | D:11     | Noticed a two-headed ogre
 15798 | D:11     | Killed a two-headed ogre
 15805 | D:11     | Paralysed by a hornet for 2 turns
 16007 | Lair:2   | Reached skill level 5 in Translocations
 16312 | Lair:2   | Found a hole to the Spider Nest.
 16781 | Lair:3   | Reached *** piety under Vehumet
 16782 | Lair:3   | Reached skill level 16 in Spellcasting
 17500 | Lair:3   | Noticed a four-headed hydra
 17511 | Lair:3   | Killed a four-headed hydra
 17720 | Lair:4   | Found a transporter.
 17723 | Lair:4   | Found a transporter.
 17752 | Lair:4   | Noticed a catoblepas
 17838 | Lair:4   | Killed a catoblepas
 17959 | Lair:4   | Noticed a boulder beetle
 17959 | Lair:4   | Noticed a boulder beetle
 17993 | Lair:4   | Offered knowledge of Conjure Flame by Vehumet.
 18277 | Lair:4   | Noticed a six-headed hydra
 18290 | Lair:4   | Killed a six-headed hydra
 18469 | Lair:4   | Found a staircase to the Shoals.
 18565 | Lair:4   | Found a snail-covered altar of Cheibriados.
 19244 | Lair:5   | Noticed a death yak
 19304 | Lair:5   | Reached XP level 13. HP: 96/96 MP: 13/33
 19396 | Lair:5   | Found a blossoming altar of Fedhas.
 19540 | Lair:5   | Reached skill level 17 in Spellcasting
 19858 | Lair:5   | Reached **** piety under Vehumet
 19887 | Lair:4   | HP: 7/148 [cane toad (8)]
 19888 | Lair:4   | Succumbed to a cane toad's poison

Illustrated notes

Levels and vault maps discovered:
D:1:      dpeg_arrival_line_fractal, layout_rooms,
          shapermc_ecumenical_altar_rom_forum
D:2:      layout_loops_ring, kennysheep_decorative_pillar,
          minmay_fractal_squares_5
D:3:      layout_basic, uniq_jessica, uniq_terence, uniq_grinder
D:4:      layout_basic, mainiacjoe_overflow_small_starburst, serial_shops,
          nicolae_lakefront_shop, nicolae_shop_gadgets
D:5:      layout_rooms, minmay_holes, uniq_sigmund
D:6:      kennysheep_six_static_rooms, layout_basic, lemuel_doored_altar,
          minmay_temple_entry_slanted, kennysheep_potato, uniq_duvessa
D:7:      layout_loops_ring, lemuel_tele_altar, pf_just_have_faith,
          minmay_crystal_water
D:8:      layout_basic
D:9:      layout_roguey, ebering_ghost_disaster_area, uniq_maurice
D:10:     layout_loops_ring, erik_lair_orcish_takeover,
          kennysheep_orc_monster_closet_entryway, hangedman_decor_growths,
          kennysheep_cross_bottleneck
D:11:     layout_rooms
Temple:   dpeg_five_rooms_temple
Lair:1:   layout_loops_ring, grunt_megastairs_3
Lair:2:   layout_regular_city, nicolae_spider_entry_tight_spaces, basic_altar,
          grunt_megastairs_5
Lair:3:   layout_concentric_octagons
Lair:4:   gammafunk_boulding_lane, layout_misc_corridors,
          elwin_shoals_entry_rocks, kennysheep_snail_temple
Lair:5:   layout_hall_layers, basic_altar, ebering_ghost_funeral_grove,
          beast_lair_carwin_9

Skill      XL: |  1  2  3  4  5  6  7  8  9 10 11 12 13 |
---------------+----------------------------------------+-----
Spellcasting   | 3 4 5 8 9 11 12 14 15 16 17 | 17.1
Stealth        | 2 3 4 |  4.1
Dodging        | 2 3 4 |  4.5
Translocations | 1 2 3 4 5 |  5.8
Conjurations   | 5 6 7 9 11 13 | 13.2
Fighting       | 1 2 4 |  4.7
Shields        | 1 2 |  2.7
Hexes          | 1 2 3 |  3.3

Action                   |  1- 3 |  4- 6 |  7- 9 | 10-12 | 13-15 || total
-------------------------+-------+-------+-------+-------+-------++-------
Melee: Unarmed           |     5 |     3 |       |       |       ||     8
       Tailslap          |     1 |       |       |       |       ||     1
       Falchion          |       |       |     9 |       |       ||     9
       Staff             |       |       |       |     3 |     8 ||    11
 Cast: Magic Dart        |    97 |    62 |   165 |   276 |    21 ||   621
       Searing Ray       |       |    13 |    49 |   112 |    13 ||   187
       Dazzling Flash    |       |       |     3 |       |       ||     3
       Iskenderun's Myst |       |       |     3 |   112 |    15 ||   130
       Fulminant Prism   |       |       |       |    31 |     8 ||    39
 Abil: Breathe Dispellin |       |       |       |       |     1 ||     1
  Use: Scroll            |       |     5 |       |    15 |       ||    20
       Potion            |       |       |     1 |     1 |     3 ||     5
Armor: Skin              |    10 |    13 |    45 |    61 |     8 ||   137
Dodge: Dodged            |    11 |    25 |    42 |   101 |    18 ||   197
Block: Other             |       |     3 |    18 |    32 |       ||    53
       Reflection        |       |       |       |     2 |       ||     2
       Buckler           |       |       |       |     8 |    19 ||    27

Table legend: (Time is in decaauts)
 A = Elapsed time spent in this place.
 B = Non-inter-level travel time spent in this place.
 C = Inter-level travel time spent in this place.
 D = Time resting spent in this place.
 E = Time spent auto-exploring this place.
 F = Levels seen in this place.
 G = Mean time per level.
                   A        B        C        D        E       F      G
               +--------+--------+--------+--------+--------+-----+--------+
         Total |  19958 |  19260 |    698 |   5675 |  10899 |  17 | 1174.0 |
       Dungeon |  13598 |  13112 |    486 |   3698 |   7552 |  11 | 1236.2 |
        Temple |     72 |     43 |     29 |      0 |     38 |   1 |   72.0 |
          Lair |   6287 |   6104 |    183 |   1977 |   3308 |   5 | 1257.4 |
               +--------+--------+--------+--------+--------+-----+--------+

Top non-repeatable levels by time:
  Lair:1: 1893 daAuts
    D:10: 1858 daAuts
     D:9: 1821 daAuts
  Lair:4: 1479 daAuts
     D:4: 1446 daAuts
     D:2: 1440 daAuts
     D:6: 1395 daAuts
  Lair:2: 1240 daAuts
     D:7: 1230 daAuts
     D:5: 1186 daAuts
     D:3: 1170 daAuts
  Lair:3: 1047 daAuts
     D:1: 1014 daAuts
     D:8: 979 daAuts
  Lair:5: 625 daAuts
